 Dungeon Crawl Stone Soup version 0.28.0 (webtiles) character file.

Game seed: 6023569742512688037

23 croobank the Vexing (level 2, 0/16 HPs)
             Began as a Deep Elf Arcane Marksman on Feb 13, 2022.
             Slain by an adder (5 damage)
             ... on level 2 of the Dungeon.
             The game lasted 00:03:36 (1187 turns).

croobank the Vexing (Deep Elf Arcane Marksman)      Turns: 1187, Time: 00:03:37

Health: 0/16       AC:  2    Str:  7    XL:     2   Next: 75%
Magic:  7/7        EV: 13    Int: 17    God:
Gold:   44         SH:  0    Dex: 15    Spells: 4/5 levels left

rFire   . . .      SeeInvis .   (no weapon)
rCold   . . .      Faith    .   (no shield)
rNeg    + . .      Spirit   .   d - +0 robe
rPois   .          Reflect  .   (no helmet)
rElec   .          Harm     .   i - scarf {shadows}
rCorr   .          Rampage  .   (no gloves)
Will    .....                   (no boots)
Stlth   +.........              (no amulet)
HPRegen 0.05/turn               h - ring of positive energy
MPRegen 0.10/turn               (no ring)

@: no status effects
A: no striking features
a: no special abilities


You were on level 2 of the Dungeon.
You visited 1 branch of the dungeon, and saw 2 of its levels.

You collected 44 gold pieces.

Inventory:

Hand Weapons
 a - a +0 shortbow
Missiles
 b - 35 bolts
 g - 26 sling bullets
 k - 6 poisoned darts
Armour
 d - a +0 robe (worn)
 i - a scarf of shadows (worn)
Jewellery
 h - a ring of positive energy (left hand)
 j - a ring of ice
Scrolls
 f - a scroll of enchant armour {unknown}
Potions
 e - a potion of cancellation {unknown}


   Skills:
 + Level 1.1 Fighting
 + Level 3.1 Bows
 + Level 2.8 Dodging
 + Level 2.1 Spellcasting
 + Level 4.3 Hexes


You had 4 spell levels left.
You knew the following spells:

 Your Spells              Type           Power      Damage    Failure   Level
a - Slow                  Hex            64%        N/A       3%          1

Your spell library contained the following spells:

 Spells                   Type           Power      Damage    Failure   Level
 Inner Flame              Hex/Fire       9%         N/A       24%         3
 Portal Projectile        Hex/Tloc       18%        N/A       24%         3
 Cause Fear               Hex            8%         N/A       32%         4


Dungeon Overview and Level Annotations

Branches:
Dungeon (2/15)

Altars:


Message History

Press: ? - help, Q - select action, (/) - cycle Shift-Dir - straight line, f/p - adder
Aim: an adder (severely wounded, 40% to hit)
You shoot an arrow. The arrow hits the adder.
The adder is almost dead.
Unknown command.
An adder is nearby!
Fire: arrow
Press: ? - help, Q - select action, (/) - cycle Shift-Dir - straight line, f/p - adder
Aim: an adder (almost dead, 40% to hit)
You shoot an arrow. The arrow barely misses the adder.
The adder bites you.
Unknown command.
Okay, then.
You are now empty-handed.
You closely miss the adder.
The adder is almost dead.
The adder bites you.
You barely miss the adder.
The adder is almost dead.
The adder barely misses you. The adder bites you.
You miss the adder.
The adder is almost dead.
The adder closely misses you.
You barely miss the adder.
The adder is almost dead.
The adder completely misses you.
You barely miss the adder.
The adder is almost dead.
The adder closely misses you. The adder bites you.
You hit the adder but do no damage.
The adder is almost dead.
The adder barely misses you.
You miss the adder.
The adder is almost dead.
The adder bites you.
* * * LOW HITPOINT WARNING * * *
You miss the adder.
The adder is almost dead.
The adder completely misses you. The adder bites you.
You die...

(. (###
.(.#### ..(..
(..# #S(#
#@(#
#.....(......
......(......
.............
.............
.............
.............


You could see an adder.

Vanquished Creatures
  An endoplasm (D:1)
  2 giant cockroaches (D:1)
  2 goblins (D:1)
  A hobgoblin (D:1)
  2 kobolds
  4 ball pythons (D:1)
  8 bats
  A frilled lizard (D:1)
21 creatures vanquished.

Vanquished Creatures (others)
  A plant (D:1)
1 creature vanquished.

Grand Total: 22 creatures vanquished

Notes
Turn   | Place    | Note
-------+----------+-------------------------------------------
     0 | D:1      | croobank the Deep Elf Arcane Marksman began the quest for
                  | the Orb.
     0 | D:1      | Reached XP level 1. HP: 11/11 MP: 5/5
   320 | D:1      | Reached skill level 1 in Fighting
   376 | D:1      | Reached XP level 2. HP: 16/16 MP: 6/6
   868 | D:1      | Found a faded altar of an unknown god.
  1187 | D:2      | Slain by an adder

Illustrated notes

Levels and vault maps discovered:
D:1:      elethiomel_arrival_shortcut, layout_loops_ring,
          dreamdust_ecumenical_altar_grove,
          wander_ebering_terrifying_dragon_lair
D:2:      layout_rooms, minmay_misc_feat_chi

Skill      XL: |  1  2 |
---------------+-------+-----
Fighting       | 1 |  1.1
Bows           | 3 |  3.1
Spellcasting   | 2 |  2.1
Dodging        | |  2.8
Hexes          | |  4.3

Action                   || total
-------------------------++-------
Melee: Unarmed           ||     8
 Fire: Shortbow          ||    67
Armor: Robe              ||    18
Dodge: Dodged            ||    39
